 Dungeon Crawl Stone Soup version 0.17-a0-854-g4a4ba72 (webtiles) character file.

4673 namelastname112 the Cruncher (level 10, -12/90 HPs)
             Began as a Mottled Draconian Gladiator on Apr 28, 2015.
             Was a Follower of Okawaru.
             Splashed by a brown ugly thing's acid (13 damage)
             ... on level 9 of the Dungeon.
             The game lasted 00:14:00 (8407 turns).

namelastname112 the Cruncher (DrGl)                 Turns: 8407, Time: 00:14:04

Health: -12/90     AC: -1    Str: 18    XL:     10   Next: 21%
Magic:  10/10      EV: 16    Int:  8    God:    Okawaru [*.....]
Gold:   442        SH:  0    Dex: 15    Spells: 0 memorised, 9 levels left

rFire  + . .     SeeInvis .     I - +3 quarterstaff (chaos)
rCold  + . .     Clarity  .     (armour unavailable)
rNeg   + + +     SustAb   .     (no shield)
rPois  .         Gourm    .     u - +1 hat
rElec  .         Spirit   .     (no cloak)
rCorr  .         Warding  .     A - +0 pair of gloves
rMut   .         Stasis   .     (no boots)
MR     +....                    y - amulet "Nozaleeg" {Contam +Inv rF+ rN+++ Regen+}
Stlth  +.........               q - ring of protection from magic
                                l - ring of protection from cold

@: short of breath, corroded equipment, somewhat resistant to hostile
enchantments, very unstealthy
A: breathe sticky flame splash, unfitting armour, cold-blooded, AC +7
a: Breathe Sticky Flame, Heroism, Renounce Religion, Evoke Invisibility


You were on level 9 of the Dungeon.
You worshipped Okawaru.
Okawaru was aware of your devotion.
You were near starving.

You visited 2 branches of the dungeon, and saw 10 of its levels.

You collected 442 gold pieces.

Inventory:

Hand weapons
 a - a +0 quarterstaff
 F - a +0 blowgun
 I - a +3 quarterstaff of chaos (weapon)
 L - a +0 hand crossbow
Missiles
 c - 2 throwing nets (quivered)
 D - 5 curare-tipped needles
Armour
 u - a +1 hat (worn)
 A - a +0 pair of gloves (worn)
Jewellery
 l - a ring of protection from cold (left hand)
 q - a ring of protection from magic (right hand)
 w - an uncursed amulet of the gourmand
 y - the amulet "Nozaleeg" (around neck) {Contam +Inv rF+ rN+++ Regen+}
   (You found it on level 4 of the Dungeon)

   [amulet of regeneration]

   It protects you from fire.
   It renders you almost immune to negative energy.
   It lets you turn invisible.
   It causes magical contamination when unequipped.
   It increases your rate of regeneration.
Magical devices
 r - a wand of frost (34)
 x - a wand of cold (5)
 K - a wand of fire (5)
Scrolls
 b - a scroll of enchant weapon {unknown}
 e - 3 scrolls of remove curse {unknown}
 f - 3 scrolls of magic mapping {unknown}
 g - 3 scrolls of blinking {unknown}
 i - 7 scrolls of identify {unknown}
 j - a scroll of amnesia {unknown}
 k - 3 scrolls of fear {unknown}
 m - 3 scrolls of teleportation {unknown}
 p - 2 scrolls of fog {unknown}
 N - a scroll of silence {unknown}
 O - 2 scrolls of noise {unknown}
Potions
 h - 5 potions of curing {unknown}
 n - 2 potions of might {unknown}
 s - 2 potions of heal wounds
 t - a potion of brilliance {unknown}
 z - a potion of degeneration {unknown}
 B - 2 potions of restore abilities {unknown}
 C - a potion of lignification {unknown}
 H - a potion of cancellation {unknown}
 J - 2 potions of poison {unknown}
 M - a potion of mutation {unknown}
 Q - 2 potions of invisibility {unknown}
Books
 G - a book of Clouds

   Spells                             Type                      Level
   a - Mephitic Cloud                 Conjuration/Poison/Air       3
   b - Conjure Flame                  Conjuration/Fire             3
   c - Poisonous Cloud                Conjuration/Poison/Air       6
   d - Freezing Cloud                 Conjuration/Ice/Air          6
   e - Ring of Flames                 Charms/Fire                  7
Comestibles
 d - 4 bread rations
 o - 2 beef jerkies
 v - 3 meat rations
 E - 2 slices of pizza
 P - 4 fruits


   Skills:
 + Level 8.6 Fighting
 + Level 10.1 Staves
 * Level 4.1 Crossbows
 - Level 1.7 Throwing
 + Level 7.2 Dodging


You had 9 spell levels left.
You didn't know any spells.

Dungeon Overview and Level Annotations

Branches:
Dungeon (9/15)             Temple (1/1) D:7
   Lair: D:8-11         Orc: D:9-12

Altars:
Ashenzari
Cheibriados
Dithmenos
Elyvilon
Fedhas
Gozag
Kikubaaqudgha
Makhleb
Nemelex Xobeh
Okawaru
Qazlal
Ru
Sif Muna
Trog
Vehumet
Xom
Yredelemnul
Zin
The Shining One

Annotations:
D:8 exclusion: 2 oklob saplings


Innate Abilities, Weirdness & Mutations

You can spit globs of burning liquid.
You can ignite nearby creatures when you spit burning liquid.
Your weird mottled scales are hard (AC +7).
Your body does not fit into most forms of armour.
You are cold-blooded and may be slowed by cold attacks.


Message History

The brown ugly thing claws you!
You are splashed with acid!
The acid corrodes your equipment!
The acid burns!
You closely miss the brown ugly thing.
The brown ugly thing is severely wounded.
The brown ugly thing claws you!
* * * LOW HITPOINT WARNING * * *
You are splashed with acid!
The acid burns!
* * * LOW HITPOINT WARNING * * *
Evoke which item? (* to show all) (? for menu, Esc to quit)
Zapping:
K - a wand of fire (will waste charges)
Press: ? - help, Shift-Dir - straight line, f/p - brown ugly thing
Aim: a brown ugly thing (severely wounded, lightly drained)
The bolt of fire misses the brown ugly thing.
The bolt of fire hits the polar bear.
The polar bear is moderately wounded.
Evoking this partially-identified wand wasted a few charges.
The brown ugly thing claws you!
* * * LOW HITPOINT WARNING * * *
You are splashed with acid!
The acid burns!
You die...

#.# #.##....# #.## #.......##
...# ##.......## .<.#
###.........# .###
#..........## ...##
##...######## ....##
##...###...## ### .##..##
##....##.###.###.#
#####.#####.....@uh#|+ ##.##
##......>.......##.###.#.##
.......####.....###...##.#
.......###...##..# ####.##
.####..##..#####.###.....#
..##......## ##..#......###
.....####.#####>...........###
##.### #....................#
....# #...............######


You could see a brown ugly thing and a polar bear.

Vanquished Creatures
  The ghost of namelastname112 the Quickloader, an experienced DrHu of Okawaru (D:9)
  Psyche (D:8)
  4 wandering mushrooms (D:8)
  Duvessa (D:5)
  A sky beast (D:5)
  A black bear (D:9)
  2 ice beasts
  An orc warrior (D:9)
  8 ogres
  A wasp (D:8)
  2 centaurs (D:5)
  2 crocodiles
  Blork the orc (D:5)
  Dowan (D:5)
  A water moccasin skeleton (D:9)
  A wyvern skeleton (D:5)
  3 scorpions
  4 killer bees (D:8)
  2 crimson imps
  A jelly (D:7)
  3 centaur skeletons
  2 orc priests
  2 giant frog skeletons
  2 orc wizards
  Crazy Yiuf (D:7)
  4 hounds
  5 iguanas
  4 worker ants
  2 killer bee zombies
  A hound zombie (D:8)
  2 hound skeletons
  16 adders
  6 gnolls
  2 shadow imps (D:9)
  2 adder zombies
  5 worms
  4 giant geckos
  31 orcs
  A bat skeleton (D:5)
  A bat zombie (D:5)
  9 giant cockroaches
  9 goblins
  11 hobgoblins
  5 jackals (D:2)
  17 kobolds
  14 bats
  A giant gecko zombie (D:7)
  6 giant newts
  9 rats
  8 ballistomycetes
224 creatures vanquished.

Vanquished Creatures (others)
  A giant frog (D:7)
  A crimson imp (D:7)
  3 giant spores
5 creatures vanquished.

Grand Total: 229 creatures vanquished

Notes
Turn   | Place    | Note
--------------------------------------------------------------
     0 | D:1      | namelastname112, the Draconian Gladiator, began the quest for the Orb.
     0 | D:1      | Reached XP level 1. HP: 17/17 MP: 1/1
   234 | D:1      | Reached XP level 2. HP: 22/25 MP: 2/2
   649 | D:2      | Reached XP level 3. HP: 26/30 MP: 3/3
   657 | D:2      | Found a burning altar of Makhleb.
   708 | D:2      | Reached skill level 4 in Staves
   728 | D:2      | Found a sparkling altar of Nemelex Xobeh.
   858 | D:2      | Reached XP level 4. HP: 37/37 MP: 4/4
   901 | D:2      | Found a blossoming altar of Fedhas.
   992 | D:2      | Found a basalt altar of Yredelemnul.
  1866 | D:3      | Found a white marble altar of Elyvilon.
  1881 | D:3      | Reached XP level 5. HP: 43/45 MP: 5/5
  2504 | D:4      | Reached skill level 5 in Staves
  2614 | D:4      | Noticed an ogre
  2627 | D:4      | Killed an ogre
  2627 | D:4      | Reached XP level 6. HP: 35/52 MP: 6/6
  3546 | D:4      | Got a fine copper amulet
  3548 | D:4      | Identified the amulet "Nozaleeg" {Contam +Inv rF+ rN+++ Regen+} (You found it on level 4 of the Dungeon)
  3641 | D:4      | Your scales start taking on a weird mottled colour.
  3641 | D:4      | Reached XP level 7. HP: 60/60 MP: 7/7
  3763 | D:5      | Entered Level 5 of the Dungeon
  3850 | D:5      | Reached skill level 6 in Staves
  3864 | D:5      | Noticed Duvessa
  3890 | D:5      | Killed Duvessa
  3890 | D:5      | Reached skill level 5 in Fighting
  3947 | D:5      | Noticed Dowan
  3953 | D:5      | Killed Dowan
  4128 | D:5      | Noticed Blork the orc
  4144 | D:5      | Killed Blork the orc
  4144 | D:5      | Reached skill level 7 in Staves
  4144 | D:5      | Reached skill level 5 in Dodging
  4297 | D:5      | Reached XP level 8. HP: 49/69 MP: 8/8
  5368 | D:6      | Found a sacrificial altar of Ru.
  5817 | D:6      | Reached skill level 8 in Staves
  5968 | D:7      | Found a shadowy altar of Dithmenos.
  6144 | D:7      | Found a staircase to the Ecumenical Temple.
  6156 | Temple   | Entered the Ecumenical Temple
  6333 | D:7      | Noticed Crazy Yiuf
  6342 | D:7      | Killed Crazy Yiuf
  6342 | D:7      | Reached XP level 9. HP: 75/79 MP: 9/9
  6594 | D:8      | Reached skill level 9 in Staves
  6802 | D:8      | Noticed Psyche
  6819 | D:8      | Killed Psyche
  6946 | D:8      | Found a stormy altar of Qazlal.
  6959 | D:8      | Found an iron altar of Okawaru.
  6970 | D:8      | Became a worshipper of Warmaster Okawaru
  7206 | D:8      | Reached skill level 1 in Crossbows
  7259 | D:8      | Found a blossoming altar of Fedhas.
  7699 | D:9      | Reached skill level 10 in Staves
  7760 | D:9      | Acquired Okawaru's first power
  7908 | D:9      | Found a shimmering altar of Xom.
  7939 | D:9      | Reached XP level 10. HP: 88/88 MP: 10/10
  7989 | D:9      | Noticed namelastname112's ghost (experienced DrHu)
  8007 | D:9      | Killed namelastname112's ghost
  8387 | D:9      | Noticed a brown ugly thing
  8407 | D:9      | HP: 1/90 [brown ugly thing (15)]
  8407 | D:9      | Splashed by a brown ugly thing's acid

Action                   |  1- 3 |  4- 6 |  7- 9 | 10-12 || total
-------------------------+-------+-------+-------+-------++-------
Melee: Quarterstaff      |    61 |   263 |   398 |    52 ||   774
Throw: Throwing net      |       |       |     1 |       ||     1
 Abil: Breathe Sticky Fl |       |       |    10 |     1 ||    11
Evoke: Wand              |       |       |       |     1 ||     1
  Use: Potion            |       |     2 |       |     2 ||     4
 Stab: Sleeping          |       |       |     1 |       ||     1
       Distracted        |       |       |     1 |       ||     1
       Confused          |       |       |     1 |       ||     1
       Paralysed         |       |       |       |     7 ||     7
  Eat: Chunk             |       |    10 |    14 |       ||    24
       Meat ration       |       |       |     1 |       ||     1
